 Dungeon Crawl Stone Soup version 0.30.1 (webtiles) character file.

Game seed: 14068344249520512930

245 AIAndy the Shooter (level 6, -6/48 HPs)
             Began as a Barachi Hunter on July 4, 2023.
             Mangled by an iguana (12 damage)
             ... on level 5 of the Dungeon.
             The game lasted 00:07:22 (1532 turns).

AIAndy the Shooter (Barachi Hunter)                 Turns: 1532, Time: 00:07:23

Health: -6/48      AC:  6    Str: 12    XL:     6   Next: 10%
Magic:  6/6        EV: 11    Int: 10    God:
Gold:   126        SH:  0    Dex: 17    Spells: 5/5 levels left

rFire   . . .        a - +0 shortbow
rCold   . . .        (shield currently unavailable)
rNeg    . . .        g - +0 ring mail
rPois   .            (no helmet)
rElec   .            (no cloak)
rCorr   +            (no gloves)
SInv    .            d - +0 pair of boots
Will    .....        (no amulet)
Stlth   +            s - ring of resist corrosion
HPRegen 0.28/turn    (no ring)
MPRegen 0.10/turn

%: no passive effects
@: slow
A: amphibious, slowness 1, strong legs 1, +LOS
a: Hop


You were on level 5 of the Dungeon.
You visited 1 branch of the dungeon, and saw 4 of its levels.

You collected 126 gold pieces.

Inventory:

Hand Weapons
 a - a +0 shortbow (weapon)
Missiles
 u - a throwing net
Armour
 c - a +0 leather armour
 d - a +0 pair of boots (worn)
 g - a +0 ring mail (worn)
 j - a +0 scale mail
Jewellery
 s - a ring of resist corrosion (left hand)
Scrolls
 b - a scroll of immolation
 e - a scroll of silence {unknown}
 f - a scroll of torment {unknown}
 h - 3 scrolls of teleportation {unknown}
 k - a scroll of noise {unknown}
 l - 2 scrolls of fear {unknown}
 n - a scroll of brand weapon {unknown}
 o - a scroll of fog {unknown}
 q - a scroll of enchant armour {unknown}
 r - a scroll of identify {unknown}
Potions
 i - a potion of curing {unknown}
 m - 2 potions of lignification
 p - a potion of flight {unknown}
 t - a potion of might {unknown}


   Skills:
 - Level 4.0 Fighting
 + Level 6.6 Ranged Weapons
 - Level 2.1 Dodging
 - Level 0.8 Stealth


You had 5 spell levels left.
You didn't know any spells.
Your spell library contained the following spells:

 Spells                   Type           Power      Damage    Failure   Level
 Apportation              Tloc           0%         N/A       65%         1
 Necrotise                Necr           0%         1d4       65%         1
 Summon Small Mammal      Summ           0%         N/A       65%         1


Dungeon Overview and Level Annotations

Branches:
Dungeon (3/15)

Altars:


Innate Abilities, Weirdness & Mutations

You are amphibious.
You cover ground slowly.
You can hop short distances.
You have an extended range of vision and can be seen from far away.


Message History

You shoot an arrow. The arrow hits the ogre!
You kill the ogre!
Your Ranged Weapons skill increases to level 6!
You have reached level 6!
Found a pink potion.
Things that are here:
a +0 giant spiked club; an ogre corpse An iguana comes into view.
The iguana hisses angrily.
You shoot an arrow. The arrow hits the iguana.
The iguana is moderately wounded.
You shoot an arrow. The arrow barely misses the iguana.
You shoot an arrow. The arrow barely misses the iguana.
You shoot an arrow.
The arrow hits the iguana but does no damage.
The iguana is moderately wounded.
The iguana bites you! The iguana bites you.
* * * LOW HITPOINT WARNING * * *
You are too injured to fight recklessly!
You are too injured to fight recklessly!
Fire: a) +0 shortbow
Press: ? - help, Q - select action, (/) - cycle Shift-Dir - straight line, f/p - iguana
Aim: an iguana (moderately wounded, 69% to hit)
You shoot an arrow. The arrow hits the iguana!
The iguana is severely wounded.
The iguana barely misses you.
Fire: a) +0 shortbow
Press: ? - help, Q - select action, (/) - cycle Shift-Dir - straight line, f/p - iguana
Aim: an iguana (severely wounded, 69% to hit)
You shoot an arrow. The arrow closely misses the iguana.
The iguana bites you.
* * * LOW HITPOINT WARNING * * *
Fire: a) +0 shortbow
Press: ? - help, Q - select action, (/) - cycle Shift-Dir - straight line, f/p - iguana
Aim: an iguana (severely wounded, 69% to hit)
You shoot an arrow. The arrow closely misses the iguana.
The iguana bites you.
* * * LOW HITPOINT WARNING * * *
The iguana bites you!
You die...

#...)..#..8..
#......#....8
#......#.... #......#...#
#......#...# #......#...#
#......#.!.# #####'##l..#
#......#@..#
#......#...####+#
##+#######'#####........#
#....#..##....##........#
#....#.....>...)........+
#....#..................#
#....#..................#
#....#..................#
#.(..#..................#


You could see an iguana.

Vanquished Creatures
  Pargi (D:2)
  An ogre (D:5)
  4 adders (D:2)
  A dart slug (D:1)
  3 ball pythons
  3 endoplasms
  A giant cockroach (D:3)
  A goblin (D:2)
  A hobgoblin (D:1)
  2 jackals (D:2)
  3 kobolds
  5 quokkas
  A bat (D:1)
  2 frilled lizards (D:1)
  2 rats
31 creatures vanquished.

Notes
Turn   | Place    | Note
-------+----------+-------------------------------------------
     0 | D:1      | AIAndy the Barachi Hunter began the quest for the Orb.
     0 | D:1      | Reached XP level 1. HP: 17/17 MP: 1/1
   233 | D:1      | Reached XP level 2. HP: 23/23 MP: 2/2
   652 | D:2      | Reached XP level 3. HP: 24/29 MP: 3/3
   947 | D:2      | Reached XP level 4. HP: 35/37 MP: 4/4
  1195 | D:3      | Noticed Pargi
  1231 | D:2      | Killed Pargi
  1232 | D:2      | Reached skill level 5 in Ranged Weapons
  1232 | D:2      | Reached XP level 5. HP: 6/42 MP: 5/5
  1450 | D:3      | You fall into a shaft and drop 2 floors!
  1450 | D:5      | Entered Level 5 of the Dungeon
  1510 | D:5      | Noticed an ogre
  1520 | D:5      | Killed an ogre
  1521 | D:5      | Reached skill level 6 in Ranged Weapons
  1521 | D:5      | Reached XP level 6. HP: 26/48 MP: 6/6
  1532 | D:5      | Mangled by an iguana

Illustrated notes

Levels and vault maps discovered:
D:1:      scummos_arrival_checkerplants, layout_rooms, roderic_lattice_a
D:2:      layout_basic
D:3:      layout_rooms, shapermc_ecumenical_altar_pompeii, uniq_jessica,
          uniq_pargi, uniq_crazy_yiuf_cottage
D:5:      layout_gridville, nicolae_gozag_cash_rules_everything_around_me,
          zin_statuary, okawaru_ov_weapons_minmay,
          nicolae_kikubaaqudgha_miasma_corner, temple_doors_cd, serial_shops,
          shop, minmay_gold_behind_fungi, nicolae_shop_unique_rings

Skill      XL: |  1  2  3  4  5 |
---------------+----------------+-----
Fighting       | 3 4 |  4.0
Ranged Weapons | 5 6 |  6.6
Dodging        | |  2.1
Stealth        | |  0.8

Action                     |  1- 3 |  4- 6 || total
---------------------------+-------+-------++-------
   Fire: Shortbow          |    85 |    64 ||   149
    Use: Potion            |       |     2 ||     2
 Armour: Leather armour    |     2 |       ||     2
         Ring mail         |    20 |    19 ||    39
         Skin              |       |    71 ||    71
  Dodge: Dodged            |    29 |    28 ||    57
